 Dungeon Crawl Stone Soup version 0.19.1-1-g22dce08 (webtiles) character file.

294 Peloso the Slasher (level 6, -5/51 HPs)
             Began as a Ghoul Gladiator on Dec 30, 2016.
             Slain by a mummy (12 damage)
             ... in an ossuary.
             The game lasted 00:06:57 (2750 turns).

Peloso the Slasher (Ghoul Gladiator)                Turns: 2750, Time: 00:06:58

Health: -5/51      AC: 12    Str: 24    XL:     6   Next: 34%
Magic:  5/5        EV: 10    Int:  3    God:
Gold:   161        SH:  8    Dex: 16    Spells: 0 memorised, 5 levels left

rFire  . . .     SeeInvis .     a - +0 long sword
rCold  + + .     Gourm    .     n - +1 plate armour
rNeg   + + +     Faith    .     x - +0 shield
rPois  ∞         Spirit   .     c - +0 helmet
rElec  .         Reflect  .     (no cloak)
rCorr  .         Harm     .     (no gloves)
MR     +....                    (no boots)
Stlth  ..........               (no amulet)
                                g - ring of protection from cold
                                i - ring of protection from magic

@: mighty, agile, flying, rotting
A: rotting body, claws 1, carnivore 3, cold resistance 1, negative energy
resistance 3, slow regeneration 1, torment resistance, unbreathing
a: no special abilities


You were in an ossuary.
You were not hungry.

You visited 1 branch of the dungeon, and saw 4 of its levels.
You also visited: Ossuary.

You collected 161 gold pieces.

Inventory:

Hand Weapons
 a - a +0 long sword (weapon)
Missiles
 d - 3 throwing nets (quivered)
Armour
 c - a +0 helmet (worn)
 n - a +1 plate armour (worn)
 t - a +0 chain mail
 x - a +0 shield (worn)
Jewellery
 g - a ring of protection from cold (right claw)
 i - a ring of protection from magic (left claw)
Wands
 y - a wand of random effects (21/48)
Scrolls
 j - 2 scrolls of remove curse
 k - 3 scrolls of teleportation
 l - a scroll of enchant armour
 m - a scroll of magic mapping
 q - a scroll of immolation {unknown}
 r - a scroll of enchant weapon {unknown}
 s - a scroll of random uselessness {unknown}
 u - 2 scrolls of identify {unknown}
 v - 3 scrolls of amnesia {unknown}
 w - a scroll of blinking {unknown}
Comestibles
 f - a meat ration


   Skills:
 + Level 3.1 Fighting
 + Level 4.8 Long Blades
 + Level 2.0 Throwing
 + Level 2.0 Armour
 + Level 3.3 Dodging
 + Level 0.8 Shields


You had 5 spell levels left.
You didn't know any spells.

Dungeon Overview and Level Annotations

Branches:
Dungeon (4/15)
 Temple: D:4-7

Altars:
Sif Muna


Innate Abilities, Weirdness & Mutations

Your body is rotting away.
You thrive on raw meat.
You are immune to poison.
You have sharp fingernails.
You are carnivorous and can eat meat at any time.
Your flesh is cold resistant. (rC+)
You are immune to negative energy. (rN+++)
You regenerate slowly when monsters are visible.
You are immune to unholy pain and torment.
You can survive without breathing.


Message History

You block the mummy's attack. x2
It was a potion of lignification.
You feel woody for a moment. The mummy closely misses you.
You block the mummy's attack.
It was a potion of curing.
You feel better. The mummy closely misses you. You block the mummy's attack.
It was a potion of might.
You feel very mighty all of a sudden. You block the mummy's attack.
You slice the mummy!!
You destroy the mummy!
The mummy hits you.
* * * LOW HITPOINT WARNING * * *
You block the mummy's attack. x2
There is an empty arch of ancient stone here.
You slice the mummy!!
You destroy the mummy!
Your Armour skill increases to level 2!
The mummy completely misses you. The kobold zombie misses you.
You completely miss the mummy. The mummy hits you!
You die...

#....#
#....#
#....#
#....#
#....#
#....#
#....#
#.ZMM#
#.∩@.#
######


You could see 2 mummies and a kobold zombie.

Vanquished Creatures
  A hound (D:3)
  A jelly (D:3)
  Jessica (D:2)
  An orc wizard (D:4)
  2 mummies (Ossuary)
  6 adders
  An ooze (D:3)
  3 worms
  2 dart slugs
  3 leopard geckos
  10 orcs
  5 bats
  3 giant cockroaches
  5 goblins
  4 hobgoblins
  10 jackals
  6 kobolds
  3 frilled lizards
  A gnoll zombie (Ossuary)
  A hobgoblin zombie (Ossuary)
  A kobold zombie (Ossuary)
  2 orc zombies (Ossuary)
  8 rats
80 creatures vanquished.

Notes
Turn   | Place    | Note
-------+----------+-------------------------------------------
     0 | D:1      | Peloso the Ghoul Gladiator began the quest for the Orb.
     0 | D:1      | Reached XP level 1. HP: 17/17 MP: 0/0
   161 | D:1      | Reached XP level 2. HP: 24/24 MP: 1/1
   265 | D:1      | Reached skill level 3 in Long Blades
   513 | D:1      | Reached XP level 3. HP: 6/29 MP: 2/2
  1099 | D:2      | Reached XP level 4. HP: 33/37 MP: 3/3
  1170 | D:2      | Noticed Jessica
  1181 | D:2      | Killed Jessica
  1419 | D:2      | Reached skill level 4 in Long Blades
  1692 | D:3      | Reached skill level 1 in Armour
  1692 | D:3      | Reached XP level 5. HP: 38/44 MP: 4/4
  2120 | D:3      | Reached XP level 6. HP: 44/51 MP: 5/5
  2125 | D:3      | Found a deep blue altar of Sif Muna.
  2497 | D:4      | HP: 1/51 [orc (3)]
  2653 | D:4      | Found a sand-covered staircase.
  2662 | Ossuary  | Entered an ossuary
  2742 | Ossuary  | HP: 2/51 [mummy (9)]
  2750 | Ossuary  | Slain by a mummy

Skill      XL: |  1  2  3  4  5  6 |
---------------+-------------------+-----
Throwing       | 2 |  2.0
Long Blades    | 3 4 |  4.8
Dodging        | 3 |  3.3
Armour         | 1 2 |  2.0
Fighting       | 3 |  3.1
Shields        | |  0.8

Action                   |  1- 3 |  4- 6 || total
-------------------------+-------+-------++-------
Melee: Long sword        |    82 |   222 ||   304
  Use: Scroll            |       |     5 ||     5
       Potion            |       |     5 ||     5
  Eat: Chunk             |     6 |     5 ||    11
Armor: Leather armour    |    35 |     1 ||    36
       Chain mail        |       |    11 ||    11
       Plate armour      |       |   132 ||   132
Dodge: Dodged            |    83 |    56 ||   139
Block: Shield            |       |    53 ||    53
       Rpst.: Long sword |    27 |    13 ||    40
